 Dungeon Crawl Stone Soup version 0.30-a0-55-g90e3122c3a (webtiles) character file.

Game seed: 8250828505020613485

2737 spaghetti the Fighter (level 9, -4/107 HPs)
             Began as an Ogre Chaos Knight on Sept 9, 2022.
             Was a Plaything of Xom.
             Slain by a green ugly thing (21 damage)
             ... on level 7 of the Dungeon.
             The game lasted 00:12:16 (7703 turns).

spaghetti the Fighter (Ogre Chaos Knight)           Turns: 7703, Time: 00:12:17

Health: -4/107     AC:  6    Str: 15 (18) XL:     9   Next: 67%
Magic:  9/9        EV:  9    Int: 15 (17) God:    Xom [*.....]
Gold:   398        SH:  0    Dex:  7 (9)  Spells: 8/8 levels left

rFire   + + .      SeeInvis .    D - +11 rapier of Ceneungu {chaos, rF++ rC- Dex+3 Stlth+, short}
rCold   x . .      Faith    .    (no shield)
rNeg    . . .      Spirit   .    b - +2 robe
rPois   .          Reflect  .    (helmet restricted)
rElec   .          Harm     .    t - +0 cloak
rCorr   +          Rampage  .    (gloves unavailable)
Will    .....                    (boots unavailable)
Stlth   ++........               (no amulet)
HPRegen 0.27/turn                w - ring of resist corrosion
MPRegen 0.11/turn                (no ring)

@: lethally poisoned (-4 -> -60), cleaving
A: large, unfitting armour, tough skin 1, horns 1, clumsy 1, deterioration 2,
wild magic 1
a: Renounce Religion


You were on level 7 of the Dungeon.
You worshipped Xom.
You were a special plaything of Xom.
You visited 1 branch of the dungeon, and saw 7 of its levels.

You collected 398 gold pieces.


Innate Abilities, Weirdness & Mutations

You are too large for most types of armour.
You have tough skin. (AC +1)
You have a pair of small horns on your head.
You are clumsy. (Dex -2)
Your body often deteriorates upon taking damage.
Your spells are a little harder to cast, but a little more powerful.


   Skills:
 + Level 12.3 Fighting
 - Level 2.5 Short Blades
 - Level 3.0 Polearms
 - Level 2.1 Dodging
 - Level 1.2 Stealth
 + Level 7.0 Evocations


You had 8 spell levels left.
You didn't know any spells.
Your spell library contained the following spells:

 Spells                   Type           Power      Damage    Failure   Level
 Necrotise                Necr           0%         1d4       34%         1
 Dazzling Flash           Conj/Hex       0%         N/A       71%         3
 Ozocubu's Armour         Ice            0%         N/A       71%         3
 Vampiric Draining        Necr           0%         2d6       71%         3
 Agony                    Necr           0%         N/A       100%        5
 Silence                  Hex/Air        0%         N/A       100%        5
 Ozocubu's Refrigeration  Ice            0%         4d7       100%        7

Inventory:

Hand Weapons
 a - a +0 spear of chaos {polearm}
 i - a +2 whip of venom {mace}
   (You found it on level 1 of the Dungeon)
 r - a +5 vampiric lajatang {staff}
   (You acquired it on level 5 of the Dungeon)
 D - the +11 rapier of Ceneungu (weapon) {chaos, rF++ rC- Dex+3 Stlth+, short}
   (Xom gifted it to you on level 4 of the Dungeon)

   Each time it hits an enemy it has a different, random effect.
   Dex:       It affects your dexterity (+3).
   rF:        It greatly protects you from fire.
   rC:        It makes you vulnerable to cold.
   Stlth:     It makes you more stealthy.
Missiles
 d - 62 stones {throwing}
 g - 4 boomerangs of dispersal {=f!fthrowing}
 j - 11 poisoned darts {throwing}
 n - 4 throwing nets {=f!fthrowing}
 z - 3 boomerangs {throwing}
 G - 4 javelins {throwing}
Armour
 b - a +2 robe (worn)
 q - a scarf of invisibility
   (Xom gifted it to you on level 2 of the Dungeon)
 t - a +0 cloak (worn)
   (You took it off Crazy Yiuf on level 2 of the Dungeon)
Magical Staves
 A - a staff of earth {!astaff}
   (You found it on level 4 of the Dungeon)
Jewellery
 m - a ring of positive energy
   (You found it on level 6 of the Dungeon)
 w - a ring of resist corrosion (left hand)
   (You found it on level 3 of the Dungeon)
Wands
 o - a wand of flame (13)
   (You took it off Terence on level 2 of the Dungeon)
Scrolls
 e - 2 scrolls of immolation {!r!r}
 f - 4 scrolls of blinking {!r}
 h - 2 scrolls of poison {!r}
 p - a scroll of fear
 v - a scroll of enchant armour
 y - 2 scrolls of identify {@r1}
 B - 2 scrolls of butterflies {unknown}
 C - a scroll of magic mapping {unknown}
 F - a scroll of amnesia {unknown}
 H - a scroll of teleportation {@r4}
Potions
 l - 2 potions of haste {@q3}
 u - 4 potions of resistance {unknown}
 x - 2 potions of attraction {unknown}
 E - a potion of berserk rage {unknown}
Miscellaneous
 c - a piece from Xom's chessboard (15/15) (quivered)

Dungeon Overview and Level Annotations

Branches:
Dungeon (7/15) Zot: 26827  Temple (0/1) D:4

Altars:
Gozag
Makhleb
Okawaru
Xom

Shops:
D:3 !

Annotations:
D:4 3 runed translucent doors, shadownightmare's ghost, weakling DrFE
D:5 2 transporters, Daxter95's ghost, novice MiBe

#..... .#
.....#.#
....#^# .
.?.#.# ..
..#.#
#.##.#.#
#....#.#
#/@)#
#.#u......
#.#.......
######
#.#.......
#....#
#.#.......
#.##.#
#.#.......
#.##.#
#.#<#####.
#.##.#
#.#.#
#.##.# #.#


You could see a green ugly thing (fast, strong, drained).


Message History

You are too injured to fight recklessly!
You are too injured to fight recklessly!
You are too injured to fight recklessly!
You are too injured to fight recklessly!
You are too injured to fight recklessly!
You are too injured to fight recklessly!
You are too injured to fight recklessly!
You are too injured to fight recklessly!
You are too injured to fight recklessly!
You are too injured to fight recklessly!
You are too injured to fight recklessly!
You hit the green ugly thing. You burn the green ugly thing.
The green ugly thing punches you but does no damage.
You hit the green ugly thing.
The green ugly thing seems to grow stronger.
The green ugly thing barely misses you. 😕 HP[+1]
You puncture the green ugly thing! You burn the green ugly thing.
The green ugly thing punches you!!
Your body deteriorates!
You feel dopey.
The green ugly thing closely misses you. 😮 HP[-19]
You take 19 damage, and now have 77/107 hp.
You puncture the green ugly thing!
You feel better. "Go forth and destroy!"
The +11 rapier of Ceneungu {chaos, rF++ rC- Dex+3 Stlth+, short} looks sharp.
The green ugly thing punches you but does no damage. 😕 HP[+6]
You regained 6 hp, and now have 83/107 hp.
Unknown command.
Unknown command.
You puncture the green ugly thing!
The green ugly thing seems to speed up.
The green ugly thing punches you but does no damage. 😕 HP[+1] Unknown command.
Unknown command.
Unknown command.
You hit the green ugly thing. You drain the green ugly thing.
The green ugly thing punches you.
You are poisoned.
The green ugly thing poisons you! The green ugly thing punches you!
You are more poisoned.
The green ugly thing poisons you! 😮 HP[-14]
You take 14 damage, and now have 70/107 hp.
Unknown command.
You don't have any such object.
Evoke which item? (* to show all) (? for menu, Esc to quit)
Aiming: Throw Flame
Press: ? - help, Shift-Dir - straight line, f - green ugly thing
Aim: a green ugly thing (severely wounded, fast, strong, lightly drained, 74% to hit)
The puff of flame misses the green ugly thing.
Your body deteriorates!
You feel dopey.
You feel extremely sick. The green ugly thing punches you!
* * * LOW HITPOINT WARNING * * *
😨 HP[-25]
You take 25 damage, and now have 45/107 hp.
MASSIVE DAMAGE!! (PAUSE)
You don't have any such object.
Evoke which item? (* to show all) (? for menu, Esc to quit)
Aiming: Throw Flame
Press: ? - help, Shift-Dir - straight line, f/p - green ugly thing
Aim: a green ugly thing (severely wounded, fast, strong, lightly drained, 74% to hit)
The puff of flame hits the green ugly thing!
* * * LOW HITPOINT WARNING * * *
Your body deteriorates!
You feel weakened.
You feel extremely sick. The green ugly thing punches you.
* * * LOW HITPOINT WARNING * * *
You are more poisoned.
The green ugly thing poisons you! The green ugly thing punches you!
* * * LOW HITPOINT WARNING * * *
Your body deteriorates!
You feel weakened.
You are more poisoned.
The green ugly thing poisons you! 😱 HP[-25]
You take 25 damage, and now have 20/107 hp.
MASSIVE DAMAGE!! (PAUSE)
You feel much better.
* * * LOW HITPOINT WARNING * * *
You feel extremely sick. The green ugly thing punches you.
* * * LOW HITPOINT WARNING * * *
😱 HP[-6]
You take 6 damage, and now have 14/107 hp.
Unknown command.
Unknown command.
Unknown command.
You feel much better.
* * * LOW HITPOINT WARNING * * *
Your body deteriorates!
You feel clumsy.
You feel extremely sick. The green ugly thing punches you!
* * * LOW HITPOINT WARNING * * *
Your body deteriorates!
You feel weakened. The green ugly thing punches you!!
You die...
Xom laughs nastily!

Skill      XL: |  1  2  3  4  5  6  7  8  9 |
---------------+----------------------------+-----
Fighting       | 5 6 7 8 10 12 | 12.3
Evocations     | 1 2 3 4 5 7 |  7.0
Short Blades   | 1 2 |  2.5
Stealth        | 1 |  1.2
Polearms       | |  3.0
Dodging        | |  2.1

Action                   |  1- 3 |  4- 6 |  7- 9 || total
-------------------------+-------+-------+-------++-------
Melee: Spear             |    46 |     8 |       ||    54
       Whip              |    31 |   128 |       ||   159
       Kick              |     3 |    24 |     6 ||    33
       Punch             |     1 |       |     2 ||     3
       Headbutt          |       |    14 |    24 ||    38
       Rapier            |       |     3 |   166 ||   169
Evoke: Wand              |       |     3 |    19 ||    22
  Use: Scroll            |       |     7 |     5 ||    12
       Potion            |       |       |     7 ||     7
 Stab: Sleeping          |     1 |     5 |     4 ||    10
       Confused          |       |     1 |     1 ||     2
       Paralysed         |       |       |     1 ||     1
Armor: Robe              |    31 |    59 |   122 ||   212
Dodge: Dodged            |    25 |    61 |   123 ||   209

Levels and vault maps discovered:
D:1:      elethiomel_arrival_quiet, layout_basic, shapermc_ecumenical_altar_gd,
          st_stairs_9, grunt_decor_one_mirror
D:2:      minmay_diamond_boxcup, layout_loops_ring, uniq_crazy_yiuf_cottage,
          uniq_terence
D:3:      layout_loops_corners, serial_shops, nicolae_shop_hallway_plus,
          minmay_checkerbox
D:4:      layout_rooms, mainiacjoe_overflow_chevrons, temple_doors_e,
          ebering_ghost_rock_garden, serial_bayou_lagoon_b
D:5:      layout_loops_ring, gammafunk_ghost_arena, lightli_minifort
D:6:      kennysheep_spiral_hall, layout_rooms, minitemple,
          nicolae_figureground_sparkle
D:7:      layout_basic

Notes
Turn   | Place    | Note
-------+----------+-------------------------------------------
     0 | D:1      | spaghetti the Ogre Chaos Knight began the quest for the
                  | Orb.
     0 | D:1      | Reached XP level 1. HP: 24/24 MP: 1/1
     0 | D:1      | magus.rc [v1.9.6]
    17 | D:1      | Found a faded altar of an unknown god.
    66 | D:1      | XOM: silly message
    83 | D:1      | XOM: potion effect (berserk rage)
    88 | D:1      | Reached XP level 2. HP: 33/33 MP: 2/2
   135 | D:1      | XOM: smoke on damage
   138 | D:1      | Reached skill level 5 in Fighting
   199 | D:1      | XOM: cloud trail
   296 | D:1      | Reached XP level 3. HP: 42/42 MP: 3/3
   466 | D:1      | XOM: scenery: create altars
   490 | D:1      | XOM: give mutations
   490 | D:1      | Gained mutation: You have large cloven feet. [Xom's grace]
   490 | D:1      | Gained mutation: Your spells are a little harder to cast,
                  | but a little more powerful. [Xom's grace]
   490 | D:1      | Gained mutation: Your mind is acute. (Int +4, Str/Dex -1)
                  | [Xom's grace]
   490 | D:1      | Gained mutation: You expend magic power (3 MP) to
                  | strengthen your wands. [Xom's grace]
   852 | D:2      | Noticed Terence
   858 | D:2      | XOM: give mutation
   858 | D:2      | Gained mutation: You have hidden genetic potential. [Xom's
                  | grace]
   864 | D:2      | Killed Terence
   865 | D:2      | Reached skill level 6 in Fighting
   865 | D:2      | Reached skill level 1 in Evocations
   865 | D:2      | Reached XP level 4. HP: 30/52 MP: 4/4
   992 | D:2      | XOM: silly message
  1126 | D:2      | XOM: smoke on damage
  1146 | D:2      | You add the spells Ozocubu's Armour and Ozocubu's
                  | Refrigeration to your library.
  1164 | D:2      | XOM: polymorph hobgoblin -> river rat
  1192 | D:2      | Gained mutation: You have a pair of small horns on your
                  | head. [hidden potential]
  1193 | D:2      | XOM: god gift: glowing scarf {god gift}
  1298 | D:2      | XOM: 1-stop teleportation journey
  1352 | D:2      | XOM: 2-stop teleportation journey
  1696 | D:2      | XOM: scenery: create altars
  1804 | D:2      | Found a runed translucent door.
  1805 | D:2      | Noticed Crazy Yiuf
  1851 | D:2      | XOM is BORED!
  1913 | D:2      | Killed Crazy Yiuf
  1913 | D:2      | XOM: scenery: summon butterflies
  1914 | D:2      | Reached skill level 2 in Evocations
  1914 | D:2      | Reached XP level 5. HP: 58/61 MP: 5/5
  2141 | D:3      | Found Veiczif's Distillery.
  2209 | D:3      | You pick up a book of the Senses and begin reading...
  2209 | D:3      | You add the spells Dazzling Flash, Agony and Silence to
                  | your library.
  2267 | D:3      | Gained mutation: Your skin changes colour to match your
                  | surroundings (Stealth+). [hidden potential]
  2267 | D:3      | Lost mutation: You have hidden genetic potential. [hidden
                  | potential expressed]
  2394 | D:3      | XOM: cloud trail
  2483 | D:3      | XOM: 2-stop teleportation journey
  2579 | D:3      | XOM: 1-stop teleportation journey
  2937 | D:3      | XOM is BORED!
  2937 | D:3      | XOM: blink monster(s)
  3071 | D:4      | Reached skill level 7 in Fighting
  3118 | D:4      | Found a runed translucent gate.
  3118 | D:4      | Found a runed translucent gate.
  3118 | D:4      | Found a runed translucent gate.
  3119 | D:4      | Noticed shadownightmare's ghost (weakling DrFE)
  3148 | D:4      | XOM: divination: detect items
  3151 | D:4      | XOM: confuse monster(s)
  3160 | D:4      | XOM: smoke on damage
  3165 | D:4      | Reached XP level 6. HP: 54/71 MP: 0/6
  3176 | D:4      | Reached skill level 3 in Evocations
  3322 | D:4      | Found a burning altar of Makhleb.
  3345 | D:4      | XOM: cleaving
  3358 | D:4      | XOM: god gift: scorched rapier {god gift}
  3358 | D:4      | Identified the +11 rapier of Ceneungu {chaos, rF++ rC-
                  | Dex+3 Stlth+} (Xom gifted it to you on level 4 of the
                  | Dungeon)
  3360 | D:4      | Reached skill level 8 in Fighting
  3368 | D:4      | Reached skill level 1 in Short Blades
  3368 | D:4      | Reached XP level 7. HP: 43/80 MP: 7/7
  3642 | D:4      | Found a staircase to the Ecumenical Temple.
  4025 | D:5      | Entered Level 5 of the Dungeon
  4028 | D:5      | XOM: give mutations
  4028 | D:5      | Gained mutation: Armour fits poorly on your strangely
                  | shaped body. [Xom's mischief]
  4028 | D:5      | Lost mutation: You expend magic power (3 MP) to strengthen
                  | your wands. [Xom's mischief]
  4028 | D:5      | Lost mutation: Your mind is acute. (Int +4, Str/Dex -1)
                  | [Xom's mischief]
  4064 | D:5      | XOM: give mutations
  4064 | D:5      | Gained mutation: You are clumsy. (Dex -2) [Xom's mischief]
  4064 | D:5      | Gained mutation: You are very clumsy. (Dex -4) [Xom's
                  | mischief]
  4064 | D:5      | Gained mutation: You have hidden genetic defects. [Xom's
                  | mischief]
  4064 | D:5      | Gained mutation: Your body sometimes deteriorates upon
                  | taking damage. [Xom's mischief]
  4068 | D:5      | Lost mutation: Armour fits poorly on your strangely shaped
                  | body. [potion of mutation]
  4068 | D:5      | Lost mutation: You have large cloven feet. [potion of
                  | mutation]
  4068 | D:5      | Lost mutation: Your skin changes colour to match your
                  | surroundings (Stealth+). [potion of mutation]
  4068 | D:5      | Lost mutation: You have hidden genetic defects. [potion of
                  | mutation]
  4166 | D:5      | Reached skill level 2 in Short Blades
  4166 | D:5      | Reached skill level 1 in Stealth
  4196 | D:5      | XOM: summons 4 hostile demons
  4479 | D:5      | You pick up a book of Necromancy and begin reading...
  4479 | D:5      | You add the spells Necrotise and Vampiric Draining to your
                  | library.
  4577 | D:5      | Identified a scroll of acquirement
  4577 | D:5      | Acquired a +5 vampiric lajatang
  4782 | D:5      | Noticed Daxter95's ghost (novice MiBe)
  4785 | D:5      | Noticed a hornet
  4786 | D:5      | Found a transporter.
  4791 | D:5      | Found a transporter.
  4851 | D:5      | HP: 10/81 [ice beast (19)]
  4853 | D:5      | Reached skill level 4 in Evocations
  4853 | D:5      | Reached XP level 8. HP: 11/91 MP: 8/8
  4854 | D:5      | Reached skill level 9 in Fighting
  5092 | D:5      | XOM: 2-stop teleportation journey
  5232 | D:5      | XOM: polymorph gnoll sergeant -> fire bat
  5241 | D:5      | HP: 23/92 [fire bat (2)]
  5617 | D:5      | XOM: give mutation
  5617 | D:5      | Lost mutation: You are very clumsy. (Dex -4) [Xom's
                  | mischief]
  5770 | D:6      | XOM: polymorph orc -> dart slug
  5793 | D:6      | Noticed a two-headed ogre
  5796 | D:6      | XOM: 4-stop teleportation journey
  6074 | D:6      | XOM: 1-stop teleportation journey
  6078 | D:6      | Reached skill level 5 in Evocations
  6084 | D:6      | Reached skill level 10 in Fighting
  6169 | D:6      | Noticed a gargoyle
  6171 | D:6      | Killed a gargoyle
  6214 | D:6      | Reached XP level 9. HP: 85/102 MP: 9/9
  6347 | D:6      | XOM: cleaving
  6347 | D:6      | XOM: smoke on damage
  6350 | D:6      | HP: 25/102 [gnoll/+0 flail (9)]
  6351 | D:6      | Killed a two-headed ogre
  6352 | D:6      | Reached skill level 11 in Fighting
  6352 | D:6      | Reached skill level 6 in Evocations
  6355 | D:6      | HP: 20/106 [poisoned by a kobold brigand]
  6511 | D:6      | HP: 24/106 [white imp/puff of frost (10)]
  6619 | D:6      | XOM: noise
  6854 | D:6      | Reached skill level 12 in Fighting
  6894 | D:6      | XOM: confuse monster(s)
  6914 | D:6      | XOM: destruction
  7171 | D:6      | XOM: give mutation
  7171 | D:6      | Gained mutation: Your body often deteriorates upon taking
                  | damage. [Xom's mischief]
  7221 | D:6      | XOM: torment (54/106 hp)
  7467 | D:6      | Found an iron altar of Okawaru.
  7470 | D:6      | Found an opulent altar of Gozag.
  7614 | D:7      | Reached skill level 7 in Evocations
  7687 | D:7      | Noticed a green ugly thing
  7697 | D:7      | XOM: cleaving
  7701 | D:7      | HP: 20/107 [green ugly thing (13)]
  7703 | D:7      | Slain by a green ugly thing

Vanquished Creatures
  A two-headed ogre (D:6)
  A gargoyle (D:6)
  A fire bat (D:5)
  A water moccasin (D:6)
  A sky beast (D:6)
  3 ice beasts
  A centaur (D:5)
  A phantom (D:4)
  A kobold brigand (D:6)
  2 scorpions
  A gnoll sergeant (D:6)
  A necrophage (D:5)
  3 howler monkeys
  4 hounds
  A jelly (D:4)
  2 orc priests (D:6)
  Crazy Yiuf (D:2)
  Terence (D:2)
  2 orc wizards (D:6)
  4 iguanas
  7 gnolls
  A river rat (D:2)
  8 adders
  2 white imps (D:6)
  An ufetubus (D:5)
  A worm (D:2)
  4 dart slugs
  18 orcs
  9 ball pythons
  7 endoplasms
  A giant cockroach (D:3)
  5 goblins
  4 hobgoblins
  3 quokkas
  5 bats
  3 frilled lizards
  7 kobolds
  6 rats
125 creatures vanquished.

Vanquished Creatures (others)
  A demonic plant (D:1)
  12 fungi (D:4)
  11 plants (D:4)
24 creatures vanquished.

Grand Total: 149 creatures vanquished

Table legend:
 A = Non-vault XP
 B = Vault XP
 C = Vault XP percentage of total XP
 D = Non-vault monster count
 E = Vault monster count
 F = Vault count percentage of total count
                 A         B        C        D         E       F
            +---------+---------+-------+---------+---------+-------
      Total |    3240 |     671 |  17.2 |     101 |      24 |  19.2
            +---------+---------+-------+---------+---------+-------
        D:1 |      39 |       6 |  13.3 |      17 |       2 |  10.5
        D:2 |      55 |     103 |  65.2 |      13 |      10 |  43.5
        D:3 |      40 |      12 |  23.1 |      15 |       4 |  21.1
        D:4 |     413 |       0 |   0.0 |      17 |       0 |   0.0
        D:5 |     601 |     231 |  27.8 |      11 |       4 |  26.7
        D:6 |    1965 |     319 |  14.0 |      22 |       4 |  15.4
        D:7 |     127 |       0 |   0.0 |       6 |       0 |   0.0
            +---------+---------+-------+---------+---------+-------

Illustrated notes

Table legend:
 A = Kills in this place as a percentage of kills in entire the game.
 B = Kills by you in this place as a percentage of kills by you in the entire game.
 C = Kills by friends in this place as a percentage of kills by friends in the entire game.
 D = Other kills in this place as a percentage of other kills in the entire game.
 E = Experience gained in this place as a percentage of experience gained in the entire game.
 F = Experience gained in this place divided by the number of levels of this place that you have seen.
                   A       B       C       D       E      F
               +-------+-------+-------+-------+-------+----------------------
         Total | 100.0 | 100.0 |   N/A | 100.0 | 100.0 | 558.7
       Dungeon | 100.0 | 100.0 |   N/A | 100.0 | 100.0 | 558.7
               +-------+-------+-------+-------+-------+----------------------

Table legend: (Time is in decaauts)
 A = Elapsed time spent in this place.
 B = Non-inter-level travel time spent in this place.
 C = Inter-level travel time spent in this place.
 D = Time resting spent in this place.
 E = Time spent auto-exploring this place.
 F = Levels seen in this place.
 G = Mean time per level.
                   A        B        C        D        E       F      G
               +--------+--------+--------+--------+--------+-----+--------+
         Total |   7753 |   7571 |    182 |    564 |   6069 |   7 | 1107.6 |
       Dungeon |   7753 |   7571 |    182 |    564 |   6069 |   7 | 1107.6 |
               +--------+--------+--------+--------+--------+-----+--------+

Top non-repeatable levels by time:
     D:6: 1771 daAuts
     D:5: 1727 daAuts
     D:2: 1343 daAuts
     D:4: 1020 daAuts
     D:3: 990 daAuts
     D:1: 728 daAuts
     D:7: 171 daAuts
